 Dungeon Crawl Stone Soup version 0.28-a0-1524-ge72afd5fc6 (webtiles) character file.

Game seed: 5880457547006313680

9 psuckher the Sneak (level 2, -7/25 HPs)
             Began as a Barachi Delver on Jan 17, 2022.
             Mangled by a gnoll (13 damage)
             ... on level 4 of the Dungeon.
             The game lasted 00:00:59 (181 turns).

psuckher the Sneak (Barachi Delver)                  Turns: 181, Time: 00:01:00

Health: -7/25      AC:  3    Str: 13    XL:     2   Next: 12%
Magic:  2/2        EV: 12    Int: 10    God:
Gold:   34         SH:  0    Dex: 13    Spells: 1/1 levels left

rFire   . . .      SeeInvis .   a - +0 falchion
rCold   . . .      Faith    .   (no shield)
rNeg    . . .      Spirit   .   b - +0 leather armour
rPois   .          Reflect  .   (no helmet)
rElec   .          Harm     .   (no cloak)
rCorr   .          Rampage  .   (no gloves)
Will    .....                   (no boots)
Stlth   +++.......              (no amulet)
HPRegen 0.08/turn               (no ring)
MPRegen 0.08/turn               (no ring)

@: slow
A: amphibious, slowness 1, strong legs 1, +LOS
a: Hop


You were on level 4 of the Dungeon.
You visited 1 branch of the dungeon, and saw 2 of its levels.

You collected 34 gold pieces.

Inventory:

Hand Weapons
 a - a +0 falchion (weapon)
Armour
 b - a +0 leather armour (worn)
Wands
 g - a wand of digging (3)
Scrolls
 c - a scroll of fog
 d - a scroll of magic mapping
 e - a scroll of fear
Potions
 f - a potion of haste
 h - a potion of brilliance {unknown}


   Skills:
 + Level 3.7 Fighting
 + Level 2.5 Long Blades
 + Level 2.3 Dodging
 + Level 4.8 Stealth


You had one spell level left.
You didn't know any spells.
Your spell library was empty.

Dungeon Overview and Level Annotations

Branches:
Dungeon (5/15)
 Temple: D:4-7

Altars:
Fedhas


Innate Abilities, Weirdness & Mutations

You are amphibious.
You cover ground slowly.
You can hop short distances.
You have an extended range of vision and can be seen from far away.


Message History

You see here 3 large rocks.
You open the door.
Found 28 gold pieces and a white potion.
There is an open door here.
Found 14 arrows.
Found a stone staircase leading up.
You now have 23 gold pieces (gained 17).
A lemure comes into view.
You open the door.
A ball python comes into view.
Found a blossoming altar of Fedhas.
You now have 34 gold pieces (gained 11).
h - a white potion A gnoll comes into view.
It is wielding a +0 whip. 2 gnolls come into view.
Found a ruby potion.
You open the door.
There is an open door here.
A gnoll comes into view. It is wielding a +0 halberd.
A gnoll comes into view. It is wielding a +0 club.
The gnoll shouts!
A gnoll comes into view. It is wielding a +0 spear.
The gnoll shouts!
The gnoll hits you with a +0 spear!
* * * LOW HITPOINT WARNING * * *
The gnoll closely misses you. The gnoll completely misses you.
The gnoll shouts!
You hit the gnoll.
The gnoll is lightly wounded.
The gnoll barely misses you. The gnoll completely misses you.
The gnoll hits you but does no damage.
You hit the gnoll but do no damage.
The gnoll is lightly wounded.
The gnoll hits you but does no damage. The gnoll misses you.
The gnoll closely misses you.
You hit the gnoll.
The gnoll is lightly wounded.
The gnoll hits you with a +0 halberd!
Ouch! That really hurt!
You die...

######+#......#...........'...
#......#....##.....#...
#......#######.....# ..
#......# #......# . #......#
#......# #.<....# ###'####
+......# ##.....# #....g.#
#......# #.....@# #......#
#....gg# ######## #......#
#......# #......# #......#
#......# #......# #......#


You could see 3 gnolls.

Vanquished Creatures
  An adder (D:4)
1 creature vanquished.

Notes
Turn   | Place    | Note
-------+----------+-------------------------------------------
     0 | D:5      | psuckher the Barachi Delver began the quest for the Orb.
     0 | D:5      | Reached XP level 1. HP: 18/18 MP: 1/1
    61 | D:4      | Reached XP level 2. HP: 1/25 MP: 2/2
   110 | D:4      | Noticed a lemure
   112 | D:4      | Found a blossoming altar of Fedhas.
   181 | D:4      | Mangled by a gnoll

Illustrated notes

Levels and vault maps discovered:
D:4:      layout_gridville, mainiacjoe_overflow_surrounded_room,
          chequers_garden, solitary_fountain, uniq_pikel,
          uniq_crazy_yiuf_cottage
D:5:      kennysheep_slugbush, layout_basic, mainiacjoe_overflow_paths,
          makhleb_blood_cavern_becter,
          pdpol_temple_overflow_zin_treasury_gozag_greed, uniq_eustachio

Action                   || total
-------------------------++-------
Melee: Falchion          ||    10
Armor: Leather armour    ||     4
Dodge: Dodged            ||    18

Table legend: (Time is in decaauts)
 A = Elapsed time spent in this place.
 B = Non-inter-level travel time spent in this place.
 C = Inter-level travel time spent in this place.
 D = Time resting spent in this place.
 E = Time spent auto-exploring this place.
 F = Levels seen in this place.
 G = Mean time per level.
                   A        B        C        D        E       F      G
               +--------+--------+--------+--------+--------+-----+--------+
         Total |    214 |    214 |      0 |      0 |      0 |   2 |  107.0 |
       Dungeon |    214 |    214 |      0 |      0 |      0 |   2 |  107.0 |
               +--------+--------+--------+--------+--------+-----+--------+

Top non-repeatable levels by time:
     D:4: 186 daAuts
     D:5: 28 daAuts
